 Seeded DCSS version 0.29.1-15-g9cfb28693d (webtiles) character file.

Game seed: 1 (custom seed)

63 Kazon the Trooper (level 4, -3/73 HPs)
             Began as an Ogre Fighter on Mar 29, 2023.
             Slain by a gnoll
             ... wielding a +0 halberd
              (6 damage)
             ... on level 2 of the Dungeon.
             The game lasted 00:05:30 (1472 turns).

Kazon the Trooper (Ogre Fighter)                    Turns: 1472, Time: 00:05:31

Health: -3/73      AC:  3    Str: 20    XL:     4   Next: 10%
Magic:  4/4        EV:  7    Int:  9    God:
Gold:   154        SH: 19    Dex: 10    Spells: 3/3 levels left

rFire   . . .      SeeInvis .   a - +0 long sword
rCold   . . .      Faith    .   c - +8 tower shield of Bipihiqu {Stlth+}
rNeg    . . .      Spirit   .   j - +0 robe
rPois   .          Reflect  .   (helmet restricted)
rElec   .          Harm     .   (no cloak)
rCorr   .          Rampage  .   (gloves unavailable)
Will    .....                   (boots unavailable)
Stlth   ..........              f - amulet of the acrobat
HPRegen 0.22/turn               (no ring)
MPRegen 0.09/turn               (no ring)

@: berserking, very quick
A: large, unfitting armour, tough skin 1
a: no special abilities


You were on level 2 of the Dungeon.
You visited 1 branch of the dungeon, and saw 2 of its levels.

You collected 154 gold pieces.

Inventory:

Hand Weapons
 a - a +0 long sword (weapon)
Missiles
 i - 10 stones (quivered)
 k - 3 boomerangs
Armour
 c - the +8 tower shield of Bipihiqu (worn) {Stlth+}
   (You acquired it on level 1 of the Dungeon)

   Stlth:     It makes you more stealthy.
 j - a +0 robe (worn)
Jewellery
 f - an amulet of the acrobat (around neck)
Potions
 d - a potion of might
 e - a potion of haste {unknown}
 g - a potion of flight {unknown}
 h - a potion of attraction {unknown}


   Skills:
 + Level 4.7 Fighting
 + Level 2.3 Long Blades
 + Level 3.0 Dodging
 + Level 0.7 Stealth
 + Level 3.5 Shields


You had 3 spell levels left.
You didn't know any spells.
Your spell library contained the following spells:

 Spells                   Type           Power      Damage    Failure   Level
 Apportation              Tloc           0%         N/A       96%         1
 Necrotise                Necr           0%         1d4       96%         1
 Summon Small Mammal      Summ           0%         N/A       96%         1


Dungeon Overview and Level Annotations

Branches:
Dungeon (2/15)

Altars:


Innate Abilities, Weirdness & Mutations

You are too large for most types of armour.
You have tough skin. (AC +1)


Message History

The gnoll is lightly wounded.
You block the gnoll's attack.
You hit the gnoll.
The gnoll is heavily wounded.
You block the gnoll's attack.
A gnoll comes into view. It is wielding a +0 halberd.
You block the gnoll's attack. The gnoll closely misses you.
You block the gnoll's attack.
You hit the gnoll.
You kill the gnoll!
The gnoll throws a throwing net.
You block the throwing net. You block the gnoll's attack.
You have reached level 4!
You block the gnoll's attack. x2
Things that are here:
a +0 whip; a +0 club; a +0 sling You barely miss the gnoll.
The gnoll hits you but does no damage. You block the gnoll's attack.
You hit the gnoll but do no damage. You block the gnoll's attack. x2
The gnoll hits you with a +0 spear! The gnoll closely misses you.
You hit the gnoll but do no damage. You block the gnoll's attack. x2
You hit the gnoll but do no damage. The gnoll hits you with a +0 spear.
The gnoll hits you from afar with a +0 halberd.
You block the gnoll's attack. The gnoll barely misses you.
You hit the gnoll but do no damage. You block the gnoll's attack.
The gnoll hits you from afar with a +0 halberd!
You block the gnoll's attack.
The gnoll hits you from afar with a +0 halberd!
* * * LOW HITPOINT WARNING * * *
You hit the gnoll.
The gnoll is lightly wounded.
You block the gnoll's attack.
The gnoll hits you from afar with a +0 halberd!
* * * LOW HITPOINT WARNING * * *
Unknown command.
It was a potion of berserk rage.
A red film seems to cover your vision as you go berserk!
You feel yourself moving faster!
You feel mighty! You block the gnoll's attack.
The gnoll hits you from afar with a +0 halberd.
You die...

#.# #.# #.# #.# #####
#.# ....####.#
.........#
###.#################
###............(@gg.#
.............######.#
############.######.###
...#.......#
##..#.###.#.# #..#
#.#.# #..# #.g.# #...
##..# ... #..#


You could see 2 gnolls.

Vanquished Creatures
  A gnoll (D:2)
  2 adders (D:2)
  A worm (D:2)
  7 endoplasms
  A giant cockroach (D:1)
  5 goblins
  3 hobgoblins
  A kobold (D:1)
  A quokka (D:1)
  2 ball pythons (D:2)
  2 bats
  2 frilled lizards (D:2)
  3 rats (D:1)
31 creatures vanquished.

Notes
Turn   | Place    | Note
-------+----------+-------------------------------------------
     0 | D:1      | Kazon the Ogre Fighter began the quest for the Orb.
     0 | D:1      | Reached XP level 1. HP: 24/24 MP: 1/1
    39 | D:1      | Identified a scroll of acquirement
    39 | D:1      | Acquired the +8 tower shield of Bipihiqu {Stlth+}
   348 | D:1      | Reached XP level 2. HP: 15/32 MP: 2/2
  1060 | D:2      | Reached XP level 3. HP: 35/40 MP: 3/3
  1465 | D:2      | Reached XP level 4. HP: 40/49 MP: 4/4
  1471 | D:2      | HP: 1/49 [gnoll/+0 halberd (7)]
  1472 | D:2      | Slain by a gnoll

Illustrated notes

Levels and vault maps discovered:
D:1:      dpeg_arrival_three_smaller_balls, layout_basic
D:2:      layout_loops_ring

Skill      XL: |  1  2 |
---------------+-------+-----
Long Blades    | 2 |  2.3
Dodging        | 3 |  3.0
Fighting       | |  4.7
Stealth        | |  0.7
Shields        | |  3.5

Action                   |  1- 3 |  4- 6 || total
-------------------------+-------+-------++-------
Melee: Long sword        |   110 |     6 ||   116
Throw: Stone             |     2 |       ||     2
  Use: Scroll            |     1 |       ||     1
       Potion            |       |     1 ||     1
 Stab: Sleeping          |     2 |       ||     2
Armor: Robe              |    24 |     1 ||    25
Dodge: Dodged            |    29 |     2 ||    31
Block: Kite shield       |    10 |       ||    10
       Tower shield      |    98 |    12 ||   110
